caesar, neutral male human Barbarian --- --- ---- ---- ---.-- |.. |..| --..-- --....| |..- --..-- ---....| |.....| ----- --- --- ...----....| |......-- -....| |...-----.---- |..---.........---- |.......---....------ |.....--.....-- |....|..........|.-- -..................| -- ---............| --.................| --........---..---.--- --- --. |....--.--....-- |.................----------........| ---- |...|--.----.-----.-------|....| -.......................%.......)*.-- ---.|..............- ----....-- |.............--....---------..[)^..| |....>....-------.---|........| |.............--.|..- |..[)...- ---.......| --....|.|.......-- --..............---..- |.....|...| |.......| --............---- --.............| |... ---..----.- ---....-- |.............| --............-- -...| ---- .....| --...........-- |............-- ...| |....-- ---.|......-- -.............- ...| ---.-- ----......- |.................----- --- ----....| --.|.|...........- ---.-- ------.----.|.--- -- -- ----- caesar the Bandit Experience level: 6 Strength: 18 Dexterity: 16 Constitution: 18 Intelligence: 8 Wisdom: 8 Charisma: 6 Health: 70(74) Energy: 12(12) Def: 11 Gold: 431 Moves: 3526 Dungeon seed: TBBX8Px6tJtmT8KN Game ID: caesar_1544821802 Your Inventory: Coins $ - 431 gold pieces Weapons a - a +0 two-handed sword (weapon in hands) b - a +0 axe (alternate weapon; not wielded) Armor e - an uncursed +0 dwarvish cloak n - an uncursed +2 elven mithril-coat (being worn) q - an uncursed +0 dwarvish cloak (being worn) r - an uncursed +0 dwarvish iron helm (being worn) z - an uncursed +0 pair of iron shoes (being worn) Scrolls F - a blessed scroll of punishment Potions l - an uncursed potion of gain ability Rings d - an uncursed ring of see invisible (on left hand) D - a blessed +3 ring of protection E - an uncursed ring of stealth H - a cursed ring of fire resistance Tools f - an uncursed wax candle (0:400) w - 5 uncursed tallow candles (0:200) x - an uncursed tin whistle C - an uncursed leash G - a +0 pick-axe Spells and supernatural/magical abilities: Name Level Category Fail Memory W - pray for help -- divine ? -- Your skills at the end: Fighting Skills bare handed combat [Basic] Weapon Skills axe [Basic] two-handed sword [Basic] Spellcasting Skills Final Attributes: You were piously aligned. You were poison resistant. You were blinded. You saw invisible. Crom was angry with you. You are dead. Vanquished creatures: an imp a fog cloud a yellow light a shrieker 3 gnome lords 2 gnomish wizards a red naga hatchling a guardian naga hatchling a straw golem 2 giant ants a little dog a kitten 6 dwarves a homunculus 2 centipedes 2 giant bats a wererat a werejackal 2 gas spores 2 hobbits 2 giant rats a yellow mold 15 gnomes 3 geckos 4 jackals a fox 3 goblins 3 sewer rats 3 grid bugs 3 bats a lichen 5 kobold zombies 9 newts 86 creatures vanquished. Voluntary challenges: You used a wielded weapon 92 times, starting on turn 55. You read items or engraved 1 time, starting on turn 1249. You never genocided any monsters. You never polymorphed an object. You never changed form. You used no wishes. You never split a pudding. You never wrote Elbereth's name. You violated your moral code, losing 5 points of alignment, starting on turn 1665. Dungeon overview: The Dungeons of Doom: levels 1 to 4 Level 1 a long staircase Level 2 an altar to Crom, a fountain Level 3 a jewelry store, an altar to Crom, a fountain stairs to The Gnomish Mines Level 4 The Gnomish Mines: levels 4 to 5 Level 4 <- You were here stairs to The Dungeons of Doom Level 5 History has recorded: On T:1 you entered the Dungeons of Doom to retrieve the Amulet of Yendor! On T:532 you reached level 2 of The Dungeons of Doom. On T:738 you reached level 3 of The Dungeons of Doom. On T:882 you advanced to experience level 2. On T:1455 you reached level 4 of The Dungeons of Doom. On T:1614 you advanced to experience level 3. On T:2072 you reached level 1 of The Gnomish Mines. On T:2182 you advanced to experience level 4. On T:2492 you advanced to experience level 5. On T:3251 you reached level 2 of The Gnomish Mines. On T:3276 you advanced to experience level 6. Score breakdown: Gold: 431 ( 8965 points) Experience: 6 levels (12456 points) Exploration: 5 levels ( 10.00%) ( 8571 points) Discoveries: 1 item ( 0.41%) ( 1912 points) Valuables value: (no points given unless you survive) Artifact value: 0 ( 0 points) Variety of kills: 33 monsters ( 8.66%) ( 8829 points) Turncount: 3526 turns ( -838 points) Survival: died (score multiplied by 80%) Total score: 31916 Latest messages: It hits! It misses. You are now wielding your two-handed sword. It hits! It misses. You smite it. It hits! (2x) You destroy it! You attack thin air. You try to feel what is lying here on the floor. You feel here a guardian naga hatchling corpse. Ulch! That meat was tainted! You feel deathly sick. You begin praying to Crom. The voice of Crom rings out: "Thou durst call upon me?" "Then die, mortal!" You die from your illness. Final status: Goodbye caesar the Barbarian, poisoned by a rotted guardian naga hatchling corpse... You were poisoned in The Gnomish Mines on dungeon level 4 with 31916 points, and 431 pieces of gold, after 3526 moves. You were level 6 with a maximum of 74 hit points when you were poisoned.